 Dungeon Crawl Stone Soup version 0.26.0-16-gc1dbca0489 (webtiles) character file.

Game seed: 16830083895719921450

128 runemasterragnar the Skirmisher (level 5, -3/57 HPs)
             Began as an Ogre Monk on Jan 21, 2021.
             Slain by Crazy Yiuf
             ... wielding a +2 quarterstaff of chaos
              (17 damage)
             ... on level 2 of the Dungeon.
             The game lasted 00:03:27 (3005 turns).

runemasterragnar the Skirmisher (Ogre Monk)         Turns: 3005, Time: 00:03:27

Health: -3/57      AC:  3    Str: 16    XL:     5   Next: 11%
Magic:  0/5        EV: 11    Int: 11    God:
Gold:   79         SH:  0    Dex: 11    Spells: 4/4 levels left

rFire    . . .     SeeInvis .   a - +0 hand axe
rCold    . . .     Faith    .   (no shield)
rNeg     . . .     Spirit   .   b - +0 robe
rPois    .         Reflect  .   (helmet restricted)
rElec    .         Harm     .   (no cloak)
rCorr    .         Rampage  .   (gloves unavailable)
Will     .....                  (boots unavailable)
Stlth    ++........             (no amulet)
HPRegen  0.19/turn              (no ring)
MPRegen  0.09/turn              (no ring)

@: very slightly contaminated, invisible
A: large, unfitting armour, tough skin 1
a: no special abilities


You were on level 2 of the Dungeon.
You visited 1 branch of the dungeon, and saw 2 of its levels.

You collected 79 gold pieces.

Inventory:

Hand Weapons
 a - a +0 hand axe (weapon)
Missiles
 m - 21 poisoned darts (quivered)
Armour
 b - a +0 robe (worn)
Jewellery
 f - an uncursed ring of magical power {unknown}
 g - an uncursed amulet of guardian spirit {unknown}
Scrolls
 c - 2 scrolls of teleportation {unknown}
 d - 2 scrolls of blinking {unknown}
 h - 2 scrolls of identify {unknown}
 i - a scroll of random uselessness {unknown}
 k - 2 scrolls of remove curse {unknown}
 n - a scroll of fear {unknown}
Potions
 e - 2 potions of might {unknown}
 j - a potion of haste {unknown}
 l - 2 potions of curing {unknown}
 o - a potion of brilliance {unknown}


   Skills:
 * Level 5.5 Fighting
 * Level 4.1 Axes
 + Level 1.2 Throwing
 + Level 3.2 Dodging
 - Level 1.4 Stealth


You had 4 spell levels left.
You didn't know any spells.
Your spell library was empty.

Dungeon Overview and Level Annotations

Branches:
Dungeon (2/15)

Altars:
Sif Muna

Annotations:
D:2 Crazy Yiuf, Natasha


Innate Abilities, Weirdness & Mutations

You are too large for most types of armour.
You have tough skin. (AC +1)


Message History

Unknown command.
You hit Crazy Yiuf but do no damage.
Crazy Yiuf is severely wounded.
Crazy Yiuf hits you with a +2 quarterstaff of chaos.
Crazy Yiuf freezes you.
Unknown command.
You closely miss Crazy Yiuf.
Crazy Yiuf is almost dead.
Crazy Yiuf says, "Rot!
Orb horse sing."
Unknown command.
Crazy Yiuf hits you with a +2 quarterstaff of chaos!
* * * LOW HITPOINT WARNING * * *
Crazy Yiuf burns you.
* * * LOW HITPOINT WARNING * * *
You see here a poisoned dart.
You barely miss Crazy Yiuf.
Crazy Yiuf is almost dead.
Crazy Yiuf looks more healthy.
Crazy Yiuf hits you with a +2 quarterstaff of chaos!
You die...

#.# #.#.#.# ###.###
#.....# #.....# ###..##
#.....# #...# #.....#
##### #.....####
#........# ########
###.####.###....#g### ###
###.####.##.....@#..##...#
.......#.#......####.'...#
###.##.........## ###..)#
# #.####.####### ###
#......# ########


You could see Crazy Yiuf.

Vanquished Creatures
  Natasha (D:2)
  5 adders (D:2)
  A worm (D:2)
  3 dart slugs
  A leopard gecko (D:1)
  A ball python (D:1)
  4 giant cockroaches
  4 goblins
  3 hobgoblins
  8 jackals
  4 quokkas (D:2)
  3 bats
  4 frilled lizards
  3 kobolds
  4 rats
49 creatures vanquished.

Vanquished Creatures (others)
  A fungus (D:2)
1 creature vanquished.

Grand Total: 50 creatures vanquished

Notes
Turn   | Place    | Note
-------+----------+-------------------------------------------
     0 | D:1      | runemasterragnar the Ogre Monk began the quest for the Orb.
     0 | D:1      | Reached XP level 1. HP: 24/24 MP: 1/1
   130 | D:1      | Reached XP level 2. HP: 32/32 MP: 2/2
  1369 | D:2      | Reached XP level 3. HP: 39/40 MP: 3/3
  1930 | D:2      | Reached skill level 5 in Fighting
  1930 | D:2      | Reached XP level 4. HP: 49/50 MP: 4/4
  2349 | D:2      | Reached skill level 1 in Throwing
  2620 | D:2      | Found a shimmering blue altar of Sif Muna.
  2703 | D:2      | Noticed Natasha
  2721 | D:2      | Killed Natasha
  2722 | D:2      | Reached XP level 5. HP: 30/57 MP: 5/5
  2934 | D:2      | Noticed Natasha
  2985 | D:2      | Found a runed translucent door.
  2986 | D:2      | Noticed Crazy Yiuf
  3005 | D:2      | Slain by Crazy Yiuf

Illustrated notes

Levels and vault maps discovered:
D:1:      dpeg_arrival_ternary, layout_basic
D:2:      layout_loops_cross, lemuel_blue_sif_altar, uniq_crazy_yiuf_cottage,
          uniq_natasha

Skill      XL: |  1  2  3  4 |
---------------+-------------+-----
Dodging        | 3 |  3.2
Fighting       | 5 |  5.5
Throwing       | 1 |  1.2
Axes           | 4 |  4.1
Stealth        | |  1.4

Action                   |  1- 3 |  4- 6 || total
-------------------------+-------+-------++-------
Melee: Hand axe          |   133 |    40 ||   173
Throw: Dart              |    23 |    35 ||    58
 Stab: Sleeping          |     1 |       ||     1
       Invisible         |       |     1 ||     1
Armor: Robe              |    36 |    11 ||    47
Dodge: Dodged            |    75 |    29 ||   104
